 Dungeon Crawl Stone Soup version 0.19-b1-5-gdc9fa9d (webtiles) character file.

12498 Leibowitz the Spear-Bearer (level 11, -3/92 HPs)
             Began as a Demigod Gladiator on Oct 31, 2016.
             Slain by Snorg (16 damage)
             ... on level 11 of the Dungeon.
             The game lasted 00:51:53 (14558 turns).

Leibowitz the Spear-Bearer (Demigod Gladiator)     Turns: 14558, Time: 00:51:53

Health: -3/92      AC: 18    Str: 20    XL:     11   Next: 37%
Magic:  14/14      EV: 11    Int: 17    God:
Gold:   706        SH:  5    Dex: 20    Spells: 0 memorised, 10 levels left

rFire  . . .     SeeInvis .     a - +1 trident
rCold  . . .     Gourm    .     E - +1 chain mail of Ynempe {MR+ rCorr}
rNeg   . . .     Faith    .     (no shield)
rPois  .         Spirit   .     z - +2 helmet
rElec  .         Reflect  +     o - +0 cloak
rCorr  +         Harm     .     (no gloves)
MR     +++..                    (no boots)
Stlth  +.........               D - +5 amulet of reflection
                                m - ring of protection from magic
                                c - ring of stealth

@: brilliant, very slightly contaminated
A: yellow scales 1, high mp 1
a: no special abilities


You were on level 11 of the Dungeon.
You were not hungry.

You visited 3 branches of the dungeon, and saw 14 of its levels.

You collected 706 gold pieces.

Inventory:

Hand Weapons
 a - a +1 trident (weapon)
 K - the +5 quarterstaff of Guduk {crush, +Blink Int+3 SInv}
   (You took it off an orc on level 6 of the Dungeon)

   It inflicts extra damage upon your enemies.
   It affects your intelligence (+3).
   It lets you see invisible.
   It lets you blink.
 P - a +0 glaive
Missiles
 d - 2 throwing nets
 k - 27 poisoned needles
 y - 3 javelins (quivered)
Armour
 o - a +0 cloak (worn)
 z - a +2 helmet (worn)
 E - the +1 chain mail of Ynempe (worn) {MR+ rCorr}
   (You found it on level 5 of the Dungeon)

   It affects your resistance to hostile enchantments.
   It protects you from acid and corrosion.
Jewellery
 c - a ring of stealth (left hand)
 m - a ring of protection from magic (right hand)
 q - a cursed -3 ring of intelligence {unknown}
 D - a +5 amulet of reflection (around neck)
 F - an uncursed ring of ice
Wands
 l - a wand of lightning (0/15)
 M - a wand of paralysis (16/24)
 N - a wand of digging (15/24)
 Q - a wand of random effects (21/48)
 R - a wand of flame (29/48)
Scrolls
 b - a scroll of fog {unknown}
 e - 4 scrolls of remove curse
 g - 9 scrolls of identify
 i - 2 scrolls of random uselessness {unknown}
 t - 2 scrolls of teleportation {unknown}
 u - a scroll of recharging {unknown}
 v - a scroll of immolation {unknown}
 w - a scroll of fear {unknown}
 C - a scroll of enchant weapon
 H - 2 scrolls of blinking
 O - a scroll of enchant armour {unknown}
 T - a scroll of acquirement {unknown}
Potions
 h - 2 potions of lignification
 r - 3 potions of flight
 x - 2 potions of curing
 B - 2 potions of cure mutation
Books
 n - a book of Maledictions

   Spells                             Type                      Level
   a - Corona                         Hexes                        1
   b - Ensorcelled Hibernation        Hexes/Ice                    2
   c - Confuse                        Hexes                        3
   d - Tukima's Dance                 Hexes                        3
   e - Dazzling Spray                 Conjuration/Hexes            3
 I - a book of Conjurations

   Spells                             Type                      Level
   a - Magic Dart                     Conjuration                  1
   b - Searing Ray                    Conjuration                  2
   c - Dazzling Spray                 Conjuration/Hexes            3
   d - Fulminant Prism                Conjuration/Hexes            4
   e - Iskenderun's Mystic Blast      Conjuration                  4
   f - Iskenderun's Battlesphere      Conjuration/Charms           5
 L - a book of Clouds

   Spells                             Type                      Level
   a - Mephitic Cloud                 Conjuration/Poison/Air       3
   b - Conjure Flame                  Conjuration/Fire             3
   c - Poisonous Cloud                Conjuration/Poison/Air       6
   d - Freezing Cloud                 Conjuration/Ice/Air          6
   e - Ring of Flames                 Charms/Fire                  7
 S - a book of Transfigurations

   Spells                             Type                      Level
   a - Irradiate                      Conjuration/Transmutation    5
   b - Statue Form                    Transmutation/Earth          6
   c - Hydra Form                     Transmutation                6
   d - Dragon Form                    Transmutation                7
Comestibles
 f - 7 bread rations
 j - 7 meat rations
 p - 11 slices of pizza
 s - 7 beef jerkies


   Skills:
 + Level 7.1 Fighting
 + Level 11.8(11.9) Polearms
 + Level 1.8(7.9) Staves
 + Level 2.4 Throwing
 + Level 8.1 Armour
 + Level 5.9 Dodging
 + Level 3.2 Stealth
 + Level 0.1 Evocations


You had 10 spell levels left.
You didn't know any spells.

Dungeon Overview and Level Annotations

Branches:
Dungeon (11/15)            Temple (1/1) D:7            Lair (2/6) D:8
  Swamp: Lair:2-4    Shoals: Lair:2-4     Snake: Lair:2-4    Spider: Lair:2-4
    Orc: D:9-12

Annotations:
D:11 Snorg
Lair:1 Gastronok


Innate Abilities, Weirdness & Mutations

You have an increased reservoir of magic. (+10% MP)
You are partially covered in yellow scales. (AC +2)


Message History

You feel clever all of a sudden. Snorg bites you.
* * * LOW HITPOINT WARNING * * *
Snorg claws you but does no damage. Snorg closely misses you. Snorg bites you!
* * * LOW HITPOINT WARNING * * *
Snorg claws you.
* * * LOW HITPOINT WARNING * * *
Snorg claws you but does no damage.
Blink to where?
Press: ? - help, Dir - move target cursor, p - Snorg You are very lightly contaminated with residual magic.
As you read the scroll of blinking, it crumbles to dust.
Found a beef jerky.
Snorg rages.
Found a knobbly smoking staff.
Snorg rages.
You feel better. Snorg bites you.
* * * LOW HITPOINT WARNING * * *
Snorg claws you but does no damage. Snorg claws you!
You die...

.#. ## .. ..# |.
###.#.#..##.# # ......
...#.# #. # ####....##..#.#
#.# ### .
..............###.######.# .
...#...........)........##.
. #.........T.#.....###.....
..#......#.@#.#.#.#.##......
.....%........#.............
.......#.#..#.#>#.........##
.........#......<.........#
#..#........#.###.#.......#
.....#......#.....#.......#
.....
.......#.#####.###.#.##
....#.#..##....# #.....#...
!...#.#......#.# #######.##


You could see Snorg (berserk).

Vanquished Creatures
  An ice dragon (Lair:1)
  A hydra (Lair:1)
  A deep elf mage (D:9)
  3 ugly things
  A cyclops (D:11)
  2 spiny frogs (Lair:1)
  2 trolls
  5 hippogriffs
  A wraith (D:11)
  11 yaks
  A wyvern (D:8)
  A basilisk (D:10)
  A human (D:9)
  A hog (D:9)
  A hungry ghost (D:9)
  A porcupine (Lair:1)
  A black bear (D:9)
  4 ice beasts
  3 sky beasts
  3 orc warriors
  An ogre (D:5)
  A phantom (D:6)
  4 centaurs
  A big kobold (D:8)
  The ghost of Vesto the Magician, an amateur DEFE (D:4)
  6 bullfrogs
  A gnoll sergeant (D:10)
  A wyvern zombie (D:8)
  A wyvern skeleton (D:9)
  3 scorpions
  5 killer bees (D:11)
  4 wights (D:11)
  A howler monkey (D:7)
  A jelly (D:7)
  5 hounds
  4 centaur zombies
  2 bullfrog skeletons
  5 orc priests
  3 centaur skeletons
  Jessica (D:3)
  Ijyb (D:2)
  6 iguanas
  16 orc wizards
  5 worker ants
  2 hound zombies
  A howler monkey zombie (D:9)
  Robin (D:4)
  5 gnolls
  5 adders
  2 shadow imps
  An ooze (D:7)
  4 worms
  4 dart slugs
  9 leopard geckos
  40 orcs
  12 bats
  5 giant cockroaches
  24 goblins
  12 hobgoblins
  9 jackals
  2 quokkas
  3 ball pythons
  4 frilled lizards
  7 kobolds
  10 rats
286 creatures vanquished.

Vanquished Creatures (others)
  3 fungi (Lair:1)
  A plant (Lair:1)
4 creatures vanquished.

Grand Total: 290 creatures vanquished

Notes
Turn   | Place    | Note
-------+----------+-------------------------------------------
     0 | D:1      | Leibowitz the Demigod Gladiator began the quest for the Orb.
     0 | D:1      | Reached XP level 1. HP: 17/17 MP: 3/3
   209 | D:1      | Reached XP level 2. HP: 24/24 MP: 4/4
   218 | D:1      | Reached skill level 3 in Polearms
   500 | D:1      | Reached XP level 3. HP: 16/29 MP: 5/5
  1026 | D:2      | Noticed Ijyb
  1038 | D:2      | Killed Ijyb
  1488 | D:2      | Reached XP level 4. HP: 37/37 MP: 6/6
  1537 | D:2      | Reached skill level 1 in Armour
  2296 | D:3      | Reached skill level 1 in Stealth
  2401 | D:3      | Noticed Jessica
  2659 | D:3      | Killed Jessica
  2872 | D:3      | Reached XP level 5. HP: 41/42 MP: 7/7
  3214 | D:4      | Reached skill level 4 in Polearms
  3362 | D:4      | Noticed Vesto's ghost (amateur DEFE)
  3489 | D:4      | Killed Vesto's ghost
  3516 | D:4      | Reached XP level 6. HP: 41/50 MP: 8/8
  3983 | D:4      | Reached skill level 5 in Polearms
  4598 | D:4      | Noticed Robin
  4611 | D:4      | Killed Robin
  4892 | D:4      | Found an iron altar of Okawaru.
  4899 | D:4      | Found a sacrificial altar of Ru.
  4906 | D:4      | Found an opulent altar of Gozag.
  4913 | D:4      | Found a shimmering altar of Xom.
  4920 | D:4      | Found a hide-covered altar of Uskayaw.
  4927 | D:4      | Found a sparkling altar of Nemelex Xobeh.
  4932 | D:4      | Found a glowing golden altar of the Shining One.
  4990 | D:4      | Found a bloodstained altar of Trog.
  5026 | D:5      | Entered Level 5 of the Dungeon
  5044 | D:5      | Found a radiant altar of Vehumet.
  5073 | D:5      | Got a jewelled chain mail
  5084 | D:5      | Identified the cursed +1 chain mail of Ynempe {MR+ rCorr} (You found it on level 5 of the Dungeon)
  5150 | D:5      | Reached XP level 7. HP: 57/57 MP: 9/9
  5467 | D:5      | Gained mutation: You possess an exceptional clarity of mind. [potion of mutation]
  5467 | D:5      | Gained mutation: Your body sometimes deteriorates upon taking damage. [potion of mutation]
  5467 | D:5      | Gained mutation: Your mind is acute. (Int +2) [potion of mutation]
  5527 | D:5      | Found a sacrificial altar of Ru.
  5735 | D:5      | Reached skill level 6 in Polearms
  6438 | D:6      | Got a pitted quarterstaff {crush}
  6439 | D:6      | Identified the +5 quarterstaff of Guduk {crush, +Blink Int+3 SInv} (You took it off an orc on level 6 of the Dungeon)
  6472 | D:6      | Found a stormy altar of Qazlal.
  6480 | D:6      | Found a blossoming altar of Fedhas.
  6768 | D:6      | Reached XP level 8. HP: 52/63 MP: 10/10
  6841 | D:6      | Reached skill level 1 in Staves
  7214 | D:7      | Found an iron altar of Okawaru.
  7241 | D:7      | Reached skill level 7 in Polearms
  7565 | D:7      | Found a shattered altar of Ashenzari.
  7582 | D:7      | Found a staircase to the Ecumenical Temple.
  7588 | Temple   | Entered the Ecumenical Temple
  7951 | D:7      | Found a basalt altar of Yredelemnul.
  8140 | D:8      | Found a staircase to the Lair.
  8167 | D:8      | Reached skill level 8 in Polearms
  8521 | D:7      | Reached XP level 9. HP: 69/72 MP: 11/11
  8665 | D:8      | Reached skill level 5 in Fighting
  8728 | D:8      | Reached skill level 5 in Armour
  8991 | Lair:1   | Entered Level 1 of the Lair of Beasts
  9018 | Lair:1   | Noticed a spiny frog
  9031 | Lair:1   | Killed a spiny frog
  9031 | Lair:1   | Reached skill level 9 in Polearms
  9206 | Lair:1   | Noticed Gastronok
 10288 | D:9      | Reached XP level 10. HP: 83/83 MP: 13/13
 10348 | D:9      | Reached skill level 10 in Polearms
 10846 | D:9      | Found a bloodstained altar of Trog.
 10847 | D:9      | Noticed a deep elf mage
 10857 | D:9      | Killed a deep elf mage
 10857 | D:9      | Reached skill level 5 in Dodging
 10937 | D:10     | Entered Level 10 of the Dungeon
 10937 | D:10     | Noticed a green ugly thing
 11500 | D:10     | Reached skill level 11 in Polearms
 11632 | D:10     | Noticed a hill giant
 11761 | Lair:1   | Noticed an ice dragon
 11802 | Lair:1   | HP: 5/126 [ice dragon/blast of cold (11)]
 11803 | Lair:1   | HP: 1/126 [ice dragon (5)]
 11804 | Lair:1   | Killed an ice dragon
 12348 | Lair:1   | Noticed a seven-headed hydra
 12365 | Lair:1   | Killed a seven-headed hydra
 12365 | Lair:1   | Reached XP level 11. HP: 11/91 MP: 14/14
 14290 | D:11     | Noticed Snorg
 14315 | D:11     | Lost mutation: Your mind is acute. (Int +2) [potion of cure mutation]
 14315 | D:11     | Lost mutation: Your body sometimes deteriorates upon taking damage. [potion of cure mutation]
 14315 | D:11     | Lost mutation: You possess an exceptional clarity of mind. [potion of cure mutation]
 14542 | D:11     | Gained mutation: You are partially covered in yellow scales. (AC +2) [potion of beneficial mutation]
 14558 | D:11     | Slain by Snorg

Skill      XL: |  1  2  3  4  5  6  7  8  9 10 11 |
---------------+----------------------------------+-----
Throwing       | 2 |  2.4
Polearms       | 3 4 5 6 8 9 11 | 11.8
Fighting       | 2 3 4 5 6 7 |  7.1
Dodging        | 3 4 5 |  5.9
Armour         | 1 2 3 4 6 7 8 |  8.1
Stealth        | 1 2 3 |  3.2
Staves         | 1 |  1.8
Evocations     | |  0.1

Action                   |  1- 3 |  4- 6 |  7- 9 | 10-12 || total
-------------------------+-------+-------+-------+-------++-------
Melee: Trident           |   130 |   316 |   648 |   345 ||  1439
       Quarterstaff      |       |       |    11 |     8 ||    19
       Glaive            |       |       |       |   142 ||   142
Throw: Throwing net      |     1 |       |       |     1 ||     2
       Javelin           |       |       |     3 |     7 ||    10
Evoke: Wand              |       |       |       |     3 ||     3
  Use: Potion            |       |     3 |     1 |     9 ||    13
       Scroll            |       |     2 |     2 |     2 ||     6
 Stab: Sleeping          |     3 |    10 |       |       ||    13
       Held in net/web   |     2 |       |       |       ||     2
       Distracted        |       |     1 |       |     1 ||     2
       Invisible         |       |       |       |    19 ||    19
  Eat: Chunk             |     1 |    13 |    14 |    13 ||    41
       Fruit             |       |       |     2 |       ||     2
       Meat ration       |       |       |     1 |       ||     1
       Beef jerky        |       |       |       |     1 ||     1
Armor: Leather armour    |    48 |    81 |       |       ||   129
       Chain mail        |       |    10 |   307 |   226 ||   543
       Skin              |       |       |       |    29 ||    29
Dodge: Dodged            |   110 |   224 |   255 |   204 ||   793
Block: Other             |       |     3 |   127 |    89 ||   219
       Reflection        |       |       |     3 |     1 ||     4
